 Dungeon Crawl Stone Soup version 0.18.1-50-g88ac8fd (webtiles) character file.

746 rme2001 the Bolt Thrower (level 7, 0/60 HPs)
             Began as a Centaur Hunter on Oct 10, 2016.
             Slain by a white imp (3 damage)
             ... summoned by Eustachio
             ... on level 4 of the Dungeon.
             The game lasted 00:20:25 (3360 turns).

rme2001 the Bolt Thrower (Centaur Hunter)           Turns: 3360, Time: 00:20:26

Health: 0/60       AC:  4    Str: 17    XL:     7   Next: 48%
Magic:  7/7        EV:  7    Int: 10    God:
Gold:   212        SH:  9    Dex:  9    Spells: 0 memorised, 6 levels left

rFire  . . .     SeeInvis .     e - +0 dagger (elec)
rCold  . . .     Gourm    .     c - +0 leather armour
rNeg   . . .     Faith    .     B - +2 shield
rPois  .         Spirit   .     (no helmet)
rElec  .         Dismiss  .     (no cloak)
rCorr  .         Reflect  .     (no gloves)
SustAt .         Harm     .     (no barding)
MR     .....                    (no amulet)
Stlth  +.........               (no ring)
                                (no ring)

@: about to teleport, very quick, not resistant to hostile enchantments, very
unstealthy
A: hooves 3, deformed body, speed 2, tough skin 3
a: no special abilities


You were on level 4 of the Dungeon.
You were not hungry.

You visited 1 branch of the dungeon, and saw 6 of its levels.

You collected 212 gold pieces.

Inventory:

Hand Weapons
 a - a +2 hand crossbow
 b - a +0 short sword
 e - a +0 dagger of electrocution (weapon)
 A - a +4 quarterstaff of chaos
Missiles
 H - 7 bolts
Armour
 c - a +0 leather armour (worn)
 B - a +2 shield (worn)
Rods
 p - a -3 rod of clouds (9/9)
   (You found it on level 4 of the Dungeon)
Jewellery
 j - an uncursed ring of resist corrosion {unknown}
 E - a cursed amulet of inaccuracy {unknown}
 G - an uncursed ring of protection from magic {unknown}
Scrolls
 k - a scroll of teleportation
 l - a scroll of magic mapping
 z - a scroll of enchant armour {unknown}
 C - 3 scrolls of fear {unknown}
 D - a scroll of amnesia {unknown}
Potions
 m - a potion of haste {unknown}
 o - a potion of heal wounds {unknown}
 q - a potion of invisibility {unknown}
 s - a potion of mutation {unknown}
 t - a potion of brilliance {unknown}
Books
 r - a book of Dreams

   Spells                             Type                      Level
   a - Ensorcelled Hibernation        Hexes/Ice                    2
   b - Silence                        Hexes/Air                    5
   c - Darkness                       Hexes                        6
   d - Shadow Creatures               Summoning                    6
Comestibles
 d - 2 chunks of flesh
 f - 3 bread rations
 g - 13 fruits
 h - 5 meat rations
 i - a slice of pizza
 u - a beef jerky


   Skills:
 + Level 4.6 Fighting
 - Level 2.2 Short Blades
 + Level 6.8 Crossbows
 + Level 3.4 Dodging
 - Level 0.5 Stealth
 + Level 0.7 Shields


You had 6 spell levels left.
You didn't know any spells.

Dungeon Overview and Level Annotations

Branches:
Dungeon (6/15)             Temple (0/1) D:5

Altars:
Cheibriados
Dithmenos
Fedhas
Kikubaaqudgha
Okawaru
Pakellas
Qazlal
Trog
Xom

Shops:
D:2 }

Annotations:
D:2 Jessica
D:4 Eustachio


Innate Abilities, Weirdness & Mutations

You have hooves in place of feet.
Armour fits poorly on your strangely shaped body.
You cover ground very quickly.
You have extremely tough skin (AC +3).


Message History

* * * LOW HITPOINT WARNING * * *
The white imp hits you.
* * * LOW HITPOINT WARNING * * *
The white imp freezes you.
* * * LOW HITPOINT WARNING * * *
Drink which item? (? for menu, Esc to quit)
You feel better.
The white imp hits you but does no damage.
The white imp summons a swarm of flies.
The white imp gestures at you. The puff of frost hits you!
* * * LOW HITPOINT WARNING * * *
Eustachio mumbles some strange words.
Eustachio blinks!
Read which item? (? for menu, Esc to quit)
As you read the scroll of teleportation, it crumbles to dust.
You feel strangely unstable.
The white imp grinds its teeth.
The white imp hits you.
You die...

..#.#..........##...#
_.#.......#.....######
....#...........+....#
._..#.....##....##.###
....#....###....##.#
_........# #....##.# ###
....##....##....##.##...#
######....##...55).@....#
# #....##....@#....#.#
..#####...5........# ##.#
#....)###.#### #.#
#.....# .# #......# .#
#...#### .# #... .# #...
#.


You could see Eustachio and 3 white imps.

Vanquished Creatures
  The ghost of Lluna the Vexing, an amateur CeAM of Vehumet (D:4)
  The ghost of rme2001 the Bolt Thrower, an amateur CeHu (D:3)
  2 ogres (D:4)
  A giant frog (D:6)
  A hound (D:5)
  A centaur skeleton (D:5)
  Crazy Yiuf (D:2)
  An orc wizard (D:4)
  A worker ant (D:3)
  4 gnolls (D:5)
  3 adders
  An ooze (D:1)
  An adder skeleton (D:4)
  A worm (D:4)
  4 dart slugs
  2 giant geckos
  7 orcs
  6 bats
  2 giant cockroaches (D:2)
  4 goblins
  10 hobgoblins
  9 jackals
  2 quokkas (D:2)
  4 giant newts
  7 kobolds
  4 rats
81 creatures vanquished.

Notes
Turn   | Place    | Note
--------------------------------------------------------------
     0 | D:1      | rme2001 the Centaur Hunter began the quest for the Orb.
     0 | D:1      | Reached XP level 1. HP: 17/17 MP: 1/1
   433 | D:2      | Reached XP level 2. HP: 24/24 MP: 2/2
   712 | D:1      | Reached XP level 3. HP: 30/30 MP: 3/3
  1002 | D:2      | Reached skill level 5 in Crossbows
  1032 | D:2      | Noticed Jessica
  1224 | D:3      | Noticed rme2001's ghost (amateur CeHu)
  1234 | D:3      | Killed rme2001's ghost
  1234 | D:3      | Reached XP level 4. HP: 20/38 MP: 4/4
  1234 | D:3      | Reached XP level 5. HP: 24/45 MP: 5/5
  1439 | D:4      | Found a bloodstained altar of Trog.
  1440 | D:4      | Found a snail-covered altar of Cheibriados.
  1441 | D:4      | Found a shadowy altar of Dithmenos.
  1441 | D:4      | Found a shimmering altar of Xom.
  1443 | D:4      | Found a blossoming altar of Fedhas.
  1443 | D:4      | Found an iron altar of Okawaru.
  1444 | D:4      | Found an ancient bone altar of Kikubaaqudgha.
  1460 | D:4      | Noticed an ogre
  1468 | D:4      | Killed an ogre
  1468 | D:4      | Reached skill level 1 in Short Blades
  1575 | D:4      | Noticed Lluna's ghost (amateur CeAM)
  1600 | D:4      | Killed Lluna's ghost
  1600 | D:4      | Reached skill level 6 in Crossbows
  1600 | D:4      | Reached XP level 6. HP: 27/52 MP: 6/6
  2542 | D:2      | Noticed Crazy Yiuf
  2547 | D:2      | Killed Crazy Yiuf
  2627 | D:2      | Found an oddly glowing altar of Pakellas.
  2627 | D:2      | Found Pakellas's Prime Provisions.
  2687 | D:4      | Noticed Eustachio
  2751 | D:4      | Reached XP level 7. HP: 56/60 MP: 7/7
  2785 | D:5      | Entered Level 5 of the Dungeon
  2918 | D:6      | Found an oddly glowing altar of Pakellas.
  2969 | D:5      | Found a stormy altar of Qazlal.
  3358 | D:4      | HP: 3/60 [white imp[Eustachio] (4)]
  3360 | D:4      | Slain by a white imp

Skill      XL: |  1  2  3  4  5  6 |
---------------+-------------------+-----
Crossbows      | 5 6 |  6.8
Dodging        | 2 3 |  3.4
Fighting       | 3 4 |  4.6
Short Blades   | 1 2 |  2.2
Stealth        | |  0.5
Shields        | |  0.7

Action                   |  1- 3 |  4- 6 |  7- 9 || total
-------------------------+-------+-------+-------++-------
Melee: Dagger            |    17 |   127 |     3 ||   147
       Kick              |     2 |    24 |     1 ||    27
 Fire: Hand crossbow     |    72 |     9 |    46 ||   127
  Use: Scroll            |     3 |     1 |     5 ||     9
       Potion            |       |     1 |     3 ||     4
  Eat: Chunk             |       |     4 |     2 ||     6
Armor: Leather armour    |    17 |    24 |     6 ||    47
Dodge: Dodged            |    26 |    54 |    14 ||    94
Block: Shield            |       |       |    13 ||    13
